 Dungeon Crawl Stone Soup version 0.23-a0-554-gd3cbc8420a (webtiles) character file.

13472 bogue1979 the Carver (level 12, -2/111 HPs)
             Began as a Hill Orc Fighter on Dec 10, 2018.
             Was a High Priest of Wu Jian.
             Slain by a cyan ugly thing (17 damage)
             ... on level 11 of the Dungeon.
             The game lasted 01:04:56 (13201 turns).

bogue1979 the Carver (Hill Orc Fighter)            Turns: 13201, Time: 01:04:56

Health: -2/111     AC: 18    Str: 26    XL:     12   Next: 6%
Magic:  12/12      EV:  6    Int:  8    God:    Wu Jian [*****.]
Gold:   501        SH: 13    Dex: 16    Spells: 11/11 levels left

rFire    . . .     SeeInvis .   N - +0 short sword (venom)
rCold    . . .     Gourm    .   c - +1 shield
rNeg     . . .     Faith    .   v - +0 plate armour
rPois    .         Spirit   .   g - +1 hat
rElec    .         Reflect  .   L - +0 cloak
rCorr    .         Harm     .   x - +0 pair of gloves {Dex+3}
MR       .....                  w - +0 pair of boots
Stlth    ..........             j - amulet of magic regeneration
HPRegen  0.28/turn              (no ring)
MPRegen  0.38/turn              (no ring)

@: mighty, marked, hasted, drained, very quick
A: no striking features
a: Wall Jump, Serpent's Lash, Heavenly Storm, Renounce Religion


You were on level 11 of the Dungeon.
You worshipped Wu Jian.
Wu Jian was extremely pleased with you.
You were hungry.

You visited 1 branch of the dungeon, and saw 11 of its levels.

You collected 703 gold pieces.
You spent 202 gold pieces at shops.

Inventory:

Hand Weapons
 a - a +1 long sword
 t - a +0 blowgun
 y - a +2 flail of venom
 F - the +6 shillelagh "Devastator" {shatter}
   (You found it on level 10 of the Dungeon)
 N - a +0 short sword of venom (weapon)
Missiles
 u - 16 poisoned needles
 I - 122 stones (quivered)
Armour
 c - a +1 shield (worn)
 g - a +1 hat (worn)
 v - a +0 plate armour (worn)
 w - a +0 pair of boots (worn)
 x - a +0 pair of gloves of dexterity (worn)
 L - a +0 cloak (worn)
Jewellery
 j - an amulet of magic regeneration (around neck)
 D - an uncursed ring of ice
Wands
 o - a wand of paralysis (9)
 H - a wand of iceblast (5)
Scrolls
 e - 7 scrolls of remove curse
 k - a scroll of fear
 m - 2 scrolls of magic mapping
 n - 3 scrolls of amnesia
 q - 3 scrolls of fog
 r - 2 scrolls of enchant armour
 C - 2 scrolls of enchant weapon
 E - a scroll of torment {unknown}
 K - a scroll of blinking {unknown}
 P - a scroll of identify {@r1}
Potions
 d - 3 potions of mutation {!q}
 i - 3 potions of curing {@q1}
 l - 2 potions of resistance
 p - 5 potions of lignification {!q}
 s - a potion of berserk rage {unknown}
 z - a potion of cancellation
 A - 4 potions of flight
 B - a potion of heal wounds {unknown}
 J - 3 potions of agility
Miscellaneous
 O - a lightning rod (4/4)
Comestibles
 f - 15 rations


   Skills:
 + Level 11.7(11.4) Fighting
 - Level 14.0(13.6) Long Blades
 - Level 8.1(7.8) Armour
 + Level 9.0(8.7) Shields


You had 11 spell levels left.
You didn't know any spells.
Your spell library contained the following spells:

 Spells                   Type           Power        Failure   Level  Hunger
 Cause Fear               Hex            #.........   100%        4    #####..
 Bolt of Magma            Conj/Fire/Erth #.........   100%        5    ######.
 Iskenderun's Battlesphe  Conj/Chrm      #.......     100%        5    ######.
 Silence                  Hex/Air        #.........   100%        5    ######.
 Venom Bolt               Conj/Pois      #.........   100%        5    ######.
 Yara's Violent Unravell  Hex/Tmut       #.........   100%        5    ######.
 Deflect Missiles         Chrm/Air       #.........   100%        6    #######
 Iron Shot                Conj/Erth      #.........   100%        6    #######
 Orb of Destruction       Conj           #.........   100%        7    #######
 Spellforged Servitor     Conj/Summ      #.........   100%        7    #######
 Discord                  Hex            #.........   100%        8    #######


Dungeon Overview and Level Annotations

Branches:
Dungeon (11/15)            Temple (0/1) D:6            Lair (0/6) D:11
    Orc (0/2) D:10

Altars:
Ashenzari
Cheibriados
Fedhas
Gozag
Kikubaaqudgha
Makhleb
Nemelex Xobeh
Okawaru
Uskayaw
Vehumet
Wu Jian
Yredelemnul
The Shining One

Shops:
D:4 [   D:10 [

Annotations:
D:4 1 runed door


Message History

The howler monkey is heavily wounded.
You block the cyan ugly thing's attack.
You puncture the red ugly thing!
The red ugly thing is poisoned.
The red ugly thing is lightly wounded.
You hit the red ugly thing.
The red ugly thing is moderately wounded.
You kill the howler monkey!
The Council accepts your kill.
The cyan ugly thing punches you but does no damage.
You hit the red ugly thing.
The red ugly thing looks as sick as possible!
The red ugly thing is moderately wounded.
The red ugly thing barely misses you.
You puncture the cyan ugly thing!
The cyan ugly thing looks as sick as possible!
The cyan ugly thing is almost dead.
The cyan ugly thing punches you!
* * * LOW HITPOINT WARNING * * *
The cyan ugly thing shocks you!
You die...

#........#
#........#
#...Z#####
####l# #Y#
#Y# #.#
#######Z#
#.


#†u@uYYl# #. #.####### #.## # #.## ##... ....# .####.. ....... #.... +.... You
could see 2 ugly things, 2 yaks, an iguana and a centaur zombie.

Vanquished Creatures
  3 two-headed ogres
  A queen bee (D:9)
  4 trolls
  2 hippogriffs
  15 yaks
  A hungry ghost (D:4)
  Grum (D:9)
  2 soldier ants (D:9)
  An ice beast (D:9)
  6 orc warriors
  A hornet zombie (D:10)
  A black bear (D:10)
  A phantom (D:8)
  6 sky beasts
  4 centaurs
  6 ogres
  3 wolves (D:9)
  4 big kobolds
  A water moccasin zombie (D:5)
  6 bullfrogs
  6 gnoll sergeants (D:10)
  6 scorpions
  15 killer bees
  21 wights
  2 crimson imps
  6 howler monkeys
  4 bullfrog zombies
  2 centaur zombies
  12 hounds
  4 orc priests
  9 orc wizards
  An iron imp (D:8)
  4 jellies
  Terence (D:2)
  A centaur skeleton (D:4)
  3 iguanas
  8 worker ants
  A killer bee zombie (D:8)
  A hound zombie (D:6)
  A howler monkey zombie (D:7)
  2 howler monkey skeletons
  7 gnolls
  9 adders
  5 shadow imps
  3 adder skeletons
  3 worms
  2 dart slugs
  6 leopard geckos
  47 orcs
  7 bats
  2 giant cockroaches
  8 hobgoblins
  15 jackals
  24 kobolds
  3 quokkas
  7 frilled lizards
  7 goblins
  A jackal skeleton (D:4)
  A quokka skeleton (D:4)
  7 rats
343 creatures vanquished.

Vanquished Creatures (collateral kills)
  A killer bee (D:9)
1 creature vanquished.

Vanquished Creatures (others)
  A killer bee (D:8)
  An orc wizard (D:10)
  15 plants (D:9)
17 creatures vanquished.

Grand Total: 361 creatures vanquished

Notes
Turn   | Place    | Note
-------+----------+-------------------------------------------
     0 | D:1      | bogue1979 the Hill Orc Fighter began the quest for the Orb.
     0 | D:1      | Reached XP level 1. HP: 19/19 MP: 1/1
   291 | D:1      | Reached XP level 2. HP: 27/27 MP: 2/2
   351 | D:1      | Reached skill level 3 in Long Blades
   495 | D:1      | Reached XP level 3. HP: 33/33 MP: 3/3
   872 | D:2      | Noticed Terence
   911 | D:2      | Killed Terence
   911 | D:2      | Reached skill level 4 in Long Blades
   911 | D:2      | Reached XP level 4. HP: 39/41 MP: 4/4
  1328 | D:2      | Found an ancient bone altar of Kikubaaqudgha.
  1655 | D:3      | Found an ornate altar of the Wu Jian Council.
  1659 | D:3      | Became a worshipper of the Wu Jian Council
  1789 | D:3      | Noticed a bullfrog
  1797 | D:3      | Killed a bullfrog
  1797 | D:3      | Reached skill level 5 in Fighting
  1797 | D:3      | Reached skill level 5 in Long Blades
  1797 | D:3      | Reached XP level 5. HP: 43/48 MP: 5/5
  2119 | D:3      | Reached XP level 6. HP: 39/56 MP: 6/6
  2594 | D:4      | Found a sparkling altar of Nemelex Xobeh.
  2810 | D:4      | Reached skill level 6 in Long Blades
  2830 | D:4      | Noticed a hungry ghost
  2862 | D:4      | Killed a hungry ghost
  2862 | D:4      | Reached XP level 7. HP: 63/63 MP: 7/7
  2881 | D:4      | Found Ilogylee's Antique Armour Boutique.
  2887 | D:4      | Bought a pair of embroidered gloves for 202 gold pieces
  2945 | D:4      | Found a runed door.
  2960 | D:4      | Noticed a human
  2961 | D:4      | Found a basalt altar of Yredelemnul.
  3037 | D:4      | Found a glowing golden altar of the Shining One.
  3095 | D:4      | Reached skill level 7 in Long Blades
  3628 | D:5      | Entered Level 5 of the Dungeon
  3649 | D:5      | Reached * piety under Wu Jian
  3887 | D:5      | Reached skill level 8 in Long Blades
  3925 | D:5      | Reached XP level 8. HP: 73/73 MP: 8/8
  4569 | D:6      | Found a burning altar of Makhleb.
  4646 | D:6      | Found a basalt altar of Yredelemnul.
  4648 | D:6      | Found an iron altar of Okawaru.
  4649 | D:6      | Found an opulent altar of Gozag.
  4651 | D:6      | Found a radiant altar of Vehumet.
  4702 | D:6      | Reached skill level 9 in Long Blades
  5597 | D:6      | Found a blossoming altar of Fedhas.
  5639 | D:6      | Reached XP level 9. HP: 76/81 MP: 9/9
  5677 | D:6      | Reached skill level 10 in Long Blades
  5680 | D:6      | Found a staircase to the Ecumenical Temple.
  5686 | D:6      | Reached ** piety under Wu Jian
  6657 | D:7      | You fall through a shaft for 2 floors!
  6734 | D:9      | Noticed Grum
  6754 | D:9      | Killed Grum
  6754 | D:9      | Reached skill level 5 in Armour
  6754 | D:9      | Reached skill level 5 in Shields
  7247 | D:8      | Found a snail-covered altar of Cheibriados.
  7266 | D:8      | Reached skill level 11 in Long Blades
  7311 | D:8      | Found a shattered altar of Ashenzari.
  7360 | D:8      | Found an iron altar of Okawaru.
  7616 | D:7      | Found a hide-covered altar of Uskayaw.
  7753 | D:7      | Reached XP level 10. HP: 84/91 MP: 10/10
  7996 | D:8      | Reached *** piety under Wu Jian
  9158 | D:9      | Reached skill level 10 in Fighting
  9218 | D:8      | Reached skill level 12 in Long Blades
  9679 | D:9      | Reached **** piety under Wu Jian
 10092 | D:9      | Reached XP level 11. HP: 83/101 MP: 11/11
 10370 | D:10     | Entered Level 10 of the Dungeon
 10483 | D:10     | Noticed a two-headed ogre
 10499 | D:10     | Killed a two-headed ogre
 10538 | D:10     | Found the +6 shillelagh "Devastator" {shatter}
 10830 | D:10     | Found Ximp's Armour Shop.
 10896 | D:10     | Noticed a two-headed ogre
 10934 | D:10     | Killed a two-headed ogre
 10934 | D:10     | Reached skill level 13 in Long Blades
 11407 | D:10     | Reached ***** piety under Wu Jian
 12110 | D:10     | Found a staircase to the Orcish Mines.
 12533 | D:11     | Noticed a cyan ugly thing
 12671 | D:11     | Noticed a two-headed ogre
 12691 | D:11     | Killed a two-headed ogre
 12894 | D:11     | Reached skill level 14 in Long Blades
 12894 | D:11     | Reached XP level 12. HP: 81/110 MP: 12/12
 12987 | D:11     | Found a staircase to the Lair.
 13141 | D:11     | Noticed a five-headed hydra
 13201 | D:11     | Slain by a cyan ugly thing

Vault maps used:
D:1:      dpeg_arrival_orchard
D:2:      lemuel_doored_altar, lightli_corner_chamber, uniq_terence
D:3:      marbit_many_paths
D:4:      nicolae_tso_swordbearing_angel, lemuel_round_altar, serial_shops,
          shop, first_ration, minivault_11, chequers_avenue,
          dk_yredelemnul_ordeal
D:6:      old_standard_altar, old_standard_altar, minitemple,
          minmay_temple_entry_sparse_star, palyth_stone_intersect
D:7:      lemuel_coloured_pillars_altar, serial_park_tiny_pond
D:8:      overflow_temple_1_default, slow_altar_1, kennysheep_okawaru_gauntlet
D:9:      hangedman_pestilent_swarm, nicolae_looking_at_the_future, uniq_grum
D:10:     kennysheep_orc_monster_closet_entryway, serial_shops, shop
D:11:     minmay_inner_zag, lair_entry_dummy, minmay_misc_feat_tower

Skill      XL: |  1  2  3  4  5  6  7  8  9 10 11 12 |
---------------+-------------------------------------+-----
Long Blades    | 3 4 5 6 8 9 11 12 14 | 14.0
Fighting       | 4 5 6 7 8 9 10 11 | 11.7
Armour         | 5 7 8 |  8.1
Shields        | 5 7 8 9 |  9.0

Action                   |  1- 3 |  4- 6 |  7- 9 | 10-12 || total
-------------------------+-------+-------+-------+-------++-------
Melee: Long sword        |   133 |   216 |   351 |   772 ||  1472
       Flail             |       |    11 |   170 |       ||   181
       Short sword       |       |       |       |   277 ||   277
Throw: Stone             |       |       |    20 |       ||    20
Invok: Lunge             |       |     9 |    26 |    81 ||   116
       Whirlwind         |       |       |    95 |   231 ||   326
Evoke: Wand              |       |       |     1 |    11 ||    12
  Use: Potion            |       |     1 |     2 |     3 ||     6
       Scroll            |       |     4 |    11 |     6 ||    21
 Stab: Paralysed         |       |       |     5 |     9 ||    14
       Confused          |       |       |       |     4 ||     4
  Eat: Chunk             |       |    13 |    13 |    12 ||    38
       Ration            |       |     1 |     1 |     2 ||     4
Armor: Scale mail        |    14 |       |       |       ||    14
       Chain mail        |    66 |    45 |       |       ||   111
       Plate armour      |       |    69 |   275 |   306 ||   650
Dodge: Dodged            |    29 |    31 |    54 |    94 ||   208
Block: Shield            |    82 |   106 |   283 |   417 ||   888
       Rpst.: Long sword |    10 |     8 |     7 |    15 ||    40

Table legend:
 A = Non-vault XP
 B = Vault XP
 C = Vault XP percentage of total XP
 D = Non-vault monster count
 E = Vault monster count
 F = Vault count percentage of total count
                 A         B        C        D         E       F
            +---------+---------+-------+---------+---------+-------
      Total |   15802 |    3445 |  17.9 |     302 |      44 |  12.7
            +---------+---------+-------+---------+---------+-------
        D:1 |      39 |       0 |   0.0 |      25 |       0 |   0.0
        D:2 |      37 |      38 |  50.7 |      21 |       1 |   4.5
        D:3 |     251 |       1 |   0.4 |      20 |       1 |   4.8
        D:4 |     573 |       1 |   0.2 |      19 |       1 |   5.0
        D:5 |     598 |       0 |   0.0 |      18 |       0 |   0.0
        D:6 |    1013 |       0 |   0.0 |      25 |       0 |   0.0
        D:7 |     937 |       0 |   0.0 |      15 |       0 |   0.0
        D:8 |    1739 |      44 |   2.5 |      47 |       3 |   6.0
        D:9 |    2692 |    1772 |  39.7 |      36 |      18 |  33.3
       D:10 |    4481 |    1589 |  26.2 |      54 |      20 |  27.0
       D:11 |    3442 |       0 |   0.0 |      22 |       0 |   0.0
            +---------+---------+-------+---------+---------+-------
